 Dungeon Crawl Stone Soup version 0.29.0-4-gdea44cf6ec (webtiles) character file.

Game seed: 13028111409315289971

77 qw the Chopper (level 4, -4/26 HPs)
             Began as a Tengu Warper on Aug 29, 2022.
             Succumbed to a gnoll's poison
             ... on level 3 of the Dungeon.
             The game lasted 00:00:12 (1923 turns).

qw the Chopper (Tengu Warper)                       Turns: 1923, Time: 00:00:13

Health: -4/26      AC:  9    Str: 14    XL:     4   Next: 33%
Magic:  8/8        EV:  6    Int: 13    God:
Gold:   99         SH:  0    Dex: 13    Spells: 7/7 levels left

rFire   . . .      SeeInvis .   Y - +0 hand axe (vamp)
rCold   . . .      Faith    .   (no shield)
rNeg    . . .      Spirit   .   e - +0 chain mail
rPois   .          Reflect  .   (helmet restricted)
rElec   .          Harm     .   a - +0 cloak
rCorr   .          Rampage  .   (no gloves)
Will    .....                   (boots unavailable)
Stlth   ..........              (no amulet)
HPRegen 0.08/turn               (no ring)
MPRegen 0.11/turn               (no ring)

@: lethally poisoned (-4 -> -31)
A: beak, talons 3
a: no special abilities


You were on level 3 of the Dungeon.
You visited 1 branch of the dungeon, and saw 3 of its levels.

You collected 99 gold pieces.


Innate Abilities, Weirdness & Mutations

You have a beak for a mouth.
You have claws for feet.


   Skills:
 - Level 2.0 Fighting
 + Level 4.9 Axes
 - Level 1.0 Throwing
 - Level 1.1 Armour
 - Level 2.1 Dodging
 - Level 2.0 Spellcasting
 - Level 2.4 Translocations


You had 7 spell levels left.
You didn't know any spells.
Your spell library contained the following spells:

 Spells                   Type           Power      Damage    Failure   Level
 Blink                    Tloc           14%        N/A       99%         2
 Gell's Gravitas          Tloc           7%         N/A       100%        3
 Lesser Beckoning         Tloc           7%         N/A       100%        3
 Teleport Other           Tloc           7%         N/A       100%        3
 Manifold Assault         Tloc           7%         N/A       100%        5

Inventory:

Hand Weapons
 d - a +0 flail
 Y - a +0 vampiric hand axe (weapon)
Armour
 a - a +0 cloak (worn)
 e - a +0 chain mail (worn)
Scrolls
 b - a scroll of identify
 c - a scroll of teleportation {unknown}
 i - a scroll of immolation {unknown}
Potions
 f - a potion of cancellation {unknown}
 h - a potion of might {unknown}

Dungeon Overview and Level Annotations

Branches:
Dungeon (3/15)

Altars:
Fedhas

Shops:
D:1 [


Message History

A gnoll comes into view. It is wielding a +1 spear of venom.
A gnoll comes into view. It is wielding a +0 spear.
The gnoll shouts!
You hear a shout!
The gnoll hits you with a +1 vorpal spear!
You hear an angry hiss.
You barely miss the gnoll. You claw the gnoll.
The gnoll is heavily wounded.
The gnoll hits you but does no damage.
The gnoll hits you with a +1 vorpal spear!
1917 ||| DRINKING potion of heal wounds.
You feel much better. The gnoll hits you but does no damage.
A gnoll comes into view. It is wielding a +0 halberd.
The gnoll closely misses you.
You barely miss the gnoll. You peck the gnoll.
The gnoll is heavily wounded.
The gnoll hits you but does no damage. The gnoll barely misses you.
You hit the gnoll.
You feel better.
The gnoll is severely wounded.
The gnoll hits you from afar with a +1 spear of venom.
You are poisoned.
The gnoll barely misses you.
You closely miss the gnoll. You claw the gnoll, but do no damage.
The gnoll is severely wounded.
You feel sick. The gnoll closely misses you.
The gnoll hits you from afar with a +1 spear of venom.
You are lethally poisoned!
You hit the gnoll.
You feel better.
The gnoll is almost dead.
You feel very sick.
The gnoll hits you from afar with a +1 spear of venom.
You are more poisoned.
The gnoll hits you but does no damage.
You hit the gnoll.
You feel better.
You kill the gnoll!
You feel extremely sick.
The gnoll hits you from afar with a +1 spear of venom.
You are more poisoned.
A ball python comes into view.
You die...

.#
#.......##
.#
#........#
.#
#.......##
.#
#.......#
.#
#.......#
.#
####.####
... #.#
### #.#
#@# #g#
#g#


Sg# ### You could see 3 gnolls and a ball python.

Vanquished Creatures
  A gnoll (D:3)
  An adder (D:2)
  6 ball pythons
  8 bats
  3 endoplasms
  2 giant cockroaches
  5 goblins
  4 hobgoblins
  4 jackals (D:1)
  3 quokkas
  3 frilled lizards
  7 kobolds
  3 rats
50 creatures vanquished.

Notes
Turn   | Place    | Note
-------+----------+-------------------------------------------
     0 | D:1      | qw the Tengu Warper began the quest for the Orb.
     0 | D:1      | Reached XP level 1. HP: 12/12 MP: 4/4
     0 | D:1      | 0 ||| qw: Version: 0.1-a-89-g26bdef1
     0 | D:1      | 0 ||| qw: Game counter: 3427
     0 | D:1      | 0 ||| qw: Always use a shield: true
     0 | D:1      | 0 ||| qw: God list: Okawaru
     0 | D:1      | 0 ||| qw: Allow faded altars: false
     0 | D:1      | 0 ||| qw: Do Orc after D:15 true
     0 | D:1      | 0 ||| qw: Do second Lair branch before Depths: true
     0 | D:1      | 0 ||| qw: Lair rune preference: random
     0 | D:1      | 0 ||| qw: Plans: Normal
     0 | D:1      | 0 ||| PLANNING D:1-11
   112 | D:1      | 112 ||| Stepping ~*~*~tactically~*~*~ (stealth).
   135 | D:1      | Reached skill level 3 in Axes
   135 | D:1      | Reached XP level 2. HP: 14/17 MP: 6/6
   187 | D:1      | 187 ||| Stepping ~*~*~tactically~*~*~ (stealth).
   188 | D:1      | 188 ||| Stepping ~*~*~tactically~*~*~ (stealth).
   246 | D:1      | Found Abios's Armour Shoppe.
   251 | D:1      | 251 ||| SHOPLISTING +0 pair of gloves (54 gold, have 14).
   309 | D:1      | 309 ||| Stepping ~*~*~tactically~*~*~ (stealth).
   328 | D:1      | 328 ||| Stepping ~*~*~tactically~*~*~ (stealth).
   342 | D:1      | 342 ||| Stepping ~*~*~tactically~*~*~ (stealth).
   344 | D:1      | 344 ||| Stepping ~*~*~tactically~*~*~ (stealth).
   356 | D:1      | 356 ||| Stepping ~*~*~tactically~*~*~ (stealth).
   385 | D:1      | 385 ||| Stepping ~*~*~tactically~*~*~ (stealth).
   406 | D:1      | Reached XP level 3. HP: 21/21 MP: 7/7
   450 | D:1      | 450 ||| Stepping ~*~*~tactically~*~*~ (stealth).
   457 | D:1      | 457 ||| Stepping ~*~*~tactically~*~*~ (stealth).
   484 | D:1      | Reached skill level 4 in Axes
   868 | D:1      | 868 ||| UPGRADING to +0 chain mail.
   878 | D:1      | 878 ||| DROPPING +0 leather armour.
   879 | D:1      | 879 ||| READING scroll labelled XEZ HOL QITEPU.
   880 | D:1      | 880 ||| DROPPING scroll of blinking.
  1039 | D:2      | 1039 ||| DROPPING +0 club.
  1164 | D:2      | Found a blossoming altar of Fedhas.
  1259 | D:2      | 1259 ||| Stepping ~*~*~tactically~*~*~ (stealth).
  1268 | D:2      | 1268 ||| Stepping ~*~*~tactically~*~*~ (stealth).
  1269 | D:2      | 1269 ||| Stepping ~*~*~tactically~*~*~ (stealth).
  1431 | D:2      | 1431 ||| Stepping ~*~*~tactically~*~*~ (hiding).
  1432 | D:2      | 1432 ||| Stepping ~*~*~tactically~*~*~ (hiding).
  1447 | D:2      | 1447 ||| Stepping ~*~*~tactically~*~*~ (stealth).
  1508 | D:2      | Reached XP level 4. HP: 26/26 MP: 8/8
  1649 | D:2      | 1649 ||| Stepping ~*~*~tactically~*~*~ (stealth).
  1755 | D:2      | 1755 ||| UPGRADING to +0 cloak.
  1760 | D:2      | 1760 ||| READING 2 scrolls labelled QETAMUD LUJA.
  1761 | D:2      | 1761 ||| READING scroll labelled BEBOGO SAIDEARUR.
  1762 | D:2      | 1762 ||| READING scroll labelled WIAHYN DAM FUC.
  1763 | D:2      | 1763 ||| DRINKING 2 glowing green potions.
  1764 | D:2      | 1764 ||| DRINKING 2 inky potions.
  1765 | D:2      | 1765 ||| DROPPING potion of flight.
  1836 | D:3      | 1836 ||| Stepping ~*~*~tactically~*~*~ (stealth).
  1916 | D:3      | HP: 6/26 [gnoll/+1 vorpal spear (3)]
  1917 | D:3      | 1917 ||| DRINKING potion of heal wounds.
  1922 | D:3      | HP: 2/26 [poisoned by a gnoll]
  1923 | D:3      | Succumbed to a gnoll's poison

Levels and vault maps discovered:
D:1:      giann_horns, layout_loops_ring, serial_shops, shop
D:2:      layout_loops_ring, basic_altar
D:3:      layout_loops_ring, nicolae_sif_muna_condensation,
          hellmonk_ecumenical_altar_lost_god

Skill      XL: |  1  2  3 |
---------------+----------+-----
Axes           | 3 4 |  4.9
Fighting       | |  2.0
Throwing       | |  1.0
Armour         | |  1.1
Dodging        | |  2.1
Spellcasting   | |  2.0
Translocations | |  2.4

Action                   |  1- 3 |  4- 6 || total
-------------------------+-------+-------++-------
Melee: Hand axe          |    98 |    25 ||   123
       Kick              |    26 |     7 ||    33
       Peck              |     7 |     4 ||    11
Throw: Boomerang         |     7 |       ||     7
  Use: Scroll            |     1 |     3 ||     4
       Potion            |       |     3 ||     3
Armor: Leather armour    |    26 |       ||    26
       Chain mail        |    17 |    18 ||    35
Dodge: Dodged            |    43 |     7 ||    50

Table legend:
 A = Non-vault XP
 B = Vault XP
 C = Vault XP percentage of total XP
 D = Non-vault monster count
 E = Vault monster count
 F = Vault count percentage of total count
                 A         B        C        D         E       F
            +---------+---------+-------+---------+---------+-------
      Total |     110 |       0 |   0.0 |      50 |       0 |   0.0
            +---------+---------+-------+---------+---------+-------
        D:1 |      48 |       0 |   0.0 |      27 |       0 |   0.0
        D:2 |      37 |       0 |   0.0 |      16 |       0 |   0.0
        D:3 |      25 |       0 |   0.0 |       7 |       0 |   0.0
            +---------+---------+-------+---------+---------+-------
